 Dungeon Crawl Stone Soup version 0.30-a0-457-g4b7bca3bfa (webtiles) character file.

Game seed: 2898973161643890520

1931 Raultor the Changer (level 9, -2/59 HPs)
             Began as an Octopode Transmuter on Dec 13, 2022.
             Was an Initiate of the Shining One.
             Slain by a sky beast (6 damage)
             ... on level 7 of the Dungeon.
             The game lasted 00:16:51 (7059 turns).

Raultor the Changer (Octopode Transmuter)           Turns: 7059, Time: 00:16:52

Health: -2/59      AC:  1    Str: 10    XL:     9   Next: 17%
Magic:  12/12      EV: 13    Int: 19    God:    the Shining One [......]
Gold:   506        SH:  0    Dex: 19    Spells: 2/12 levels left

rFire   . . .      SeeInvis +    w - +8 mace "Lidif" {vorpal, Fragile rN+ Dex+7 SInv}
rCold   . . .      Faith    +    (no shield)
rNeg    + . .      Spirit   .    (helmet restricted)
rPois   .          Reflect  .    x - amulet of faith {!P}
rElec   .          Harm     .    (no ring)
rCorr   .          Rampage  .    (no ring)
Will    .....                    (no ring)
Stlth   +.........               (no ring)
HPRegen 0.29/turn                (no ring)
MPRegen 0.13/turn                (no ring)
                                 (no ring)
                                 (no ring)

@: glowing
A: almost no armour, amphibious, 8 rings, camouflage 1, gelatinous body 1,
(nimble swimmer 1), tentacles
a: Renounce Religion


You were on level 7 of the Dungeon.
You worshipped the Shining One.
The Shining One was noncommittal.
You visited 2 branches of the dungeon, and saw 8 of its levels.

You collected 506 gold pieces.


Innate Abilities, Weirdness & Mutations

You cannot wear most types of armour.
You are amphibious.
You can wear up to eight rings at the same time.
Your skin changes colour to match your surroundings (Stealth+).
Your rubbery body absorbs attacks. (AC +1, EV +1)
((You are camouflaged when in or above water. (Stealth+)))
You have tentacles for arms and can constrict up to eight enemies at once.


   Skills:
 + Level 4.6 Fighting
 - Level 2.0 Dodging
 + Level 5.5 Unarmed Combat
 - Level 2.0 Spellcasting
 * Level 7.0 Transmutations
 * Level 6.6 Ice Magic


You had 2 spell levels left.
You knew the following spells:

 Your Spells              Type           Power      Damage    Failure   Level
b - Beastly Appendage     Tmut           56%        N/A       1%          1
c - Ice Form              Ice/Tmut       27%        N/A       10%         4
s - Spider Form           Tmut/Pois      15%        N/A       12%         3
w - Wereblood             Tmut           28%        N/A       1%          2

Your spell library contained the following spells:

 Spells                   Type           Power      Damage    Failure   Level
 Apportation              Tloc           2%         N/A       17%         1
 Magic Dart               Conj           4%         1d3       17%         1
 Call Imp                 Summ           1%         N/A       26%         2
 Static Discharge         Conj/Air       2%         2-3/arc   26%         2
 Ignite Poison            Fire/Tmut/Pois 10%        N/A       19%         3
 Blade Hands              Tmut           14%        N/A       26%         5
 Mephitic Cloud           Conj/Pois/Air  1%         N/A       45%         3
 Portal Projectile        Hex/Tloc       2%         N/A       45%         3
 Tukima's Dance           Hex            1%         N/A       45%         3
 Vhi's Electric Charge    Tloc/Air       2%         N/A       45%         3
 Alistair's Intoxication  Tmut/Pois      10%        N/A       73%         5
 Irradiate                Conj/Tmut      7%         3d14      73%         5
 Yara's Violent Unravell  Hex/Tmut       7%         3d5       73%         5
 Cause Fear               Hex            0%         N/A       86%         4
 Passage of Golubria      Tloc           1%         N/A       86%         4
 Sticky Flame             Conj/Fire      1%         2d3       86%         4
 Arcjolt                  Conj/Air       0%         1d10      99%         5
 Lightning Bolt           Conj/Air       0%         1d11      99%         5
 Dragon Form              Tmut           14%        N/A       100%        7
 Ignition                 Fire           0%         3d3       100%        8
 Dragon's Call            Summ           0%         N/A       100%        9

Inventory:

Hand Weapons
 w - the +8 mace "Lidif" (weapon) {vorpal, Fragile rN+ Dex+7 SInv}
   (You found it on level 4 of the Dungeon)

   It inflicts extra damage upon your enemies.
   Dex:       It affects your dexterity (+7).
   rN:        It protects you from negative energy.
   SInv:      It lets you see invisible.
   Fragile:   It will be destroyed if unequipped.
 F - the +10 short sword of Suanoeh {vorpal, Will+ Int+2 Dex-2}
   (You found it on level 7 of the Dungeon)

   It inflicts extra damage upon your enemies.
   Int:       It affects your intelligence (+2).
   Dex:       It affects your dexterity (-2).
   Will:      It increases your willpower.
Missiles
 u - a throwing net {=f}
Jewellery
 x - an amulet of faith (around mantle) {!P}
Wands
 s - a wand of mindburst (5)
 A - a wand of roots (6)
 C - a wand of digging (6)
Scrolls
 b - 2 scrolls of amnesia {unknown}
 e - 2 scrolls of summoning {unknown}
 f - a scroll of fog {unknown}
 g - a scroll of poison {unknown}
 h - 4 scrolls of teleportation {unknown}
 i - 2 scrolls of enchant weapon {unknown}
 j - 3 scrolls of immolation {unknown}
 q - 5 scrolls of identify {unknown}
 t - 2 scrolls of enchant armour {unknown}
 v - a scroll of magic mapping {unknown}
 y - a scroll of blinking {unknown}
 D - a scroll of torment {unknown}
 G - a scroll of noise {unknown}
Potions
 a - a potion of lignification
 c - 2 potions of heal wounds {unknown}
 d - a potion of attraction {unknown}
 k - 3 potions of resistance {unknown}
 l - 2 potions of degeneration {unknown}
 m - 2 potions of might {unknown}
 n - 3 potions of mutation {unknown}
 o - 3 potions of cancellation {unknown}
 p - 2 potions of curing {@q1}
 r - 3 potions of magic {unknown}
 z - a potion of berserk rage {unknown}
 B - a potion of ambrosia {unknown}
 E - a potion of brilliance {unknown}

Dungeon Overview and Level Annotations

Branches:
Dungeon (7/15)             Temple (1/1) D:4

Altars:
Ashenzari
Cheibriados
Elyvilon
Fedhas
Gozag
Hepliaklqana
Makhleb
Nemelex Xobeh
Okawaru
Qazlal
Ru
Sif Muna
Trog
Uskayaw
Wu Jian
Yredelemnul
Zin
The Shining One

Shops:
D:3

[ ##.##
▒.▒.▒#.###.#.#
▒.[.▒#.###†#.#
▒.▒.▒#.......#
▒...▒####...########
▒▒▒.▒+..............
▒...▒####...#######.
▒.▒.▒ ####.## #.
▒...▒..# #.# ▒#'
▒.▒@Yo.# #.# #..
▒...▒..# #.# #+#..
▒.▒.▒ ## .#. #....
▒...▒ # # ▒##..
▒▒▒.▒ +.. ..▒ ##▒
▒.▒ ..▒ .▒


You could see an orc warrior and a sky beast (invisible).


Message History

The sky beast hits you. The sky beast shocks you.
You sock the sky beast!
You tentacle-slap the sky beast, but do no damage.
The sky beast is severely wounded.
The sky beast hits you.
* * * LOW HITPOINT WARNING * * *
The sky beast shocks you.
* * * LOW HITPOINT WARNING * * *
The sky beast hits you but does no damage.
You thump the sky beast!
The sky beast is almost dead.
The sky beast hits you.
* * * LOW HITPOINT WARNING * * *
The sky beast shocks you.
* * * LOW HITPOINT WARNING * * *
You hit the sky beast.
The sky beast is almost dead.
The sky beast flickers out of sight for a moment.
The sky beast barely misses you.
Unknown command.
You hit the sky beast but do no damage.
The sky beast is almost dead.
The sky beast hits you.
* * * LOW HITPOINT WARNING * * *
The sky beast shocks you.
* * * LOW HITPOINT WARNING * * *
The sky beast hits you.
* * * LOW HITPOINT WARNING * * *
The sky beast shocks you.
You die...

Skill      XL: |  1  2  3  4  5  6  7  8  9 |
---------------+----------------------------+-----
Ice Magic      | 1 2 3 4 6 |  6.6
Transmutations | 3 4 5 6 7 |  7.0
Fighting       | 2 3 4 |  4.6
Unarmed Combat | 4 5 |  5.5
Dodging        | |  2.0
Spellcasting   | |  2.0

Action                   |  1- 3 |  4- 6 |  7- 9 || total
-------------------------+-------+-------+-------++-------
Melee: Unarmed           |    64 |   111 |    39 ||   214
       Constrict         |    17 |    19 |    26 ||    62
       Kick              |    11 |     4 |       ||    15
       Tentacles         |     5 |    14 |    25 ||    44
       Punch             |       |     2 |     4 ||     6
       Mace              |       |       |    96 ||    96
 Cast: Beastly Appendage |     8 |     4 |       ||    12
       Spider Form       |     1 |     4 |       ||     5
       Wereblood         |       |     2 |     4 ||     6
       Ice Form          |       |       |     5 ||     5
Evoke: Wand              |       |     1 |       ||     1
  Use: Potion            |       |     3 |       ||     3
 Stab: Sleeping          |     2 |     3 |       ||     5
Armor: Skin              |     2 |    12 |    20 ||    34
Dodge: Dodged            |    31 |    62 |    58 ||   151

Levels and vault maps discovered:
D:1:      dpeg_arrival_three_bigger_balls, layout_basic,
          hellmonk_ecumenical_altar_slurped_away
D:2:      layout_basic, basic_altar, hangedman_decor_push, uniq_terence
D:3:      layout_basic, serial_shops, nicolae_lakefront_shop, uniq_robin,
          uniq_grinder
D:4:      layout_loops_ring, mainiacjoe_overflow_alcove_4,
          mainiacjoe_overflow_six_doors_small, okawaru_ov_weapons_minmay,
          minmay_temple_entry_nine_rooms, grunt_ministairs_2
D:5:      layout_basic, nicolae_ashenzari_skybound,
          chequers_serial_rivers_small_3, minmay_misc_feat_five, feat_on_display
D:6:      layout_cave_pods, uniq_edmund
D:7:      nicolae_cairo_tiling_large, layout_loops_corners,
          hangedman_minor_gate_pass
Temple:   compressed_dpeg_triangle_lava_temple

Notes
Turn   | Place    | Note
-------+----------+-------------------------------------------
     0 | D:1      | Raultor the Octopode Transmuter began the quest for the
                  | Orb.
     0 | D:1      | Reached XP level 1. HP: 13/13 MP: 3/3
   200 | D:1      | Reached XP level 2. HP: 17/18 MP: 3/5
   222 | D:1      | Reached skill level 1 in Ice Magic
   487 | D:1      | Found a faded altar of an unknown god.
   568 | D:1      | Reached XP level 3. HP: 18/23 MP: 4/6
   948 | D:2      | Found a burning altar of Makhleb.
   952 | D:2      | Noticed Terence
   966 | D:2      | Learned a level 3 spell: Spider Form
   982 | D:2      | Killed Terence
   983 | D:2      | Reached skill level 3 in Transmutations
   983 | D:2      | Reached XP level 4. HP: 4/29 MP: 0/7
  1103 | D:2      | Reached skill level 2 in Ice Magic
  1634 | D:3      | Noticed Robin
  1711 | D:2      | Learned a level 2 spell: Wereblood
  1723 | D:3      | Reached XP level 5. HP: 34/34 MP: 3/8
  1731 | D:3      | Killed Robin
  1732 | D:3      | Reached skill level 2 in Fighting
  1895 | D:3      | Noticed Grinder
  1918 | D:3      | Paralysed by Grinder for 4 turns
  1930 | D:3      | Killed Grinder
  1931 | D:3      | Reached skill level 4 in Unarmed Combat
  1931 | D:3      | Reached skill level 4 in Transmutations
  1931 | D:3      | Reached skill level 3 in Ice Magic
  1931 | D:3      | Reached XP level 6. HP: 8/41 MP: 9/9
  2490 | D:3      | Found Litodd's Antique Armour Boutique.
  2869 | D:4      | Reached XP level 7. HP: 22/45 MP: 10/10
  2959 | D:3      | Learned a level 4 spell: Ice Form
  3022 | D:4      | Reached skill level 4 in Ice Magic
  3113 | D:4      | Reached skill level 3 in Fighting
  3289 | D:4      | Found a staircase to the Ecumenical Temple.
  3292 | D:4      | Identified the +4 leather armour of Toclotif {Rampage}
  3306 | Temple   | Entered the Ecumenical Temple
  3638 | D:4      | Found an iron altar of Okawaru.
  3645 | D:4      | Reached skill level 5 in Transmutations
  3729 | D:4      | Identified the +8 mace "Lidif" {vorpal, Fragile rN+ Dex+7
                  | SInv}
  3865 | D:4      | Found a glowing golden altar of the Shining One.
  3930 | D:4      | Became a worshipper of the Shining One
  4022 | D:4      | Found an opulent altar of Gozag.
  4122 | D:4      | Reached XP level 8. HP: 17/52 MP: 11/11
  4368 | D:5      | Entered Level 5 of the Dungeon
  4372 | D:5      | Reached skill level 5 in Ice Magic
  4866 | D:5      | Found a broken altar of Ashenzari.
  5009 | D:5      | Reached skill level 6 in Transmutations
  5200 | D:5      | You fall into a shaft and drop 1 floor!
  5214 | D:6      | Noticed Edmund
  5220 | D:6      | Killed Edmund
  5221 | D:6      | Reached skill level 4 in Fighting
  5221 | D:6      | Reached skill level 5 in Unarmed Combat
  5420 | D:6      | Reached skill level 6 in Ice Magic
  6028 | D:6      | Reached XP level 9. HP: 59/59 MP: 12/12
  6350 | D:6      | Identified the +0 pair of gloves of the Morning {Contam
                  | rPois rC+++ Int-2}
  6928 | D:7      | Reached skill level 7 in Transmutations
  6982 | D:7      | Identified the +10 short sword of Suanoeh {vorpal, Will+
                  | Int+2 Dex-2}
  7059 | D:7      | HP: 4/59 [sky beast (4)]
  7059 | D:7      | Slain by a sky beast

Vanquished Creatures
  Grinder (D:3)
  Edmund (D:6)
  An ice beast (D:7)
  2 black bears
  3 ogres
  A phantom (D:5)
  2 necrophages (D:4)
  A bullfrog (D:6)
  A gnoll sergeant (D:7)
  A scorpion (D:5)
  A jelly (D:6)
  3 hounds (D:4)
  A gnoll bouda (D:4)
  10 iguanas
  Terence (D:2)
  An orc wizard (D:6)
  Robin (D:3)
  4 gnolls
  9 adders
  An ufetubus (D:6)
  3 worms
  2 dart slugs
  18 orcs
  6 ball pythons
  3 endoplasms
  2 giant cockroaches
  19 goblins
  7 hobgoblins
  2 jackals (D:1)
  A quokka (D:5)
  4 bats
  2 frilled lizards (D:2)
  8 kobolds
  5 rats
128 creatures vanquished.

Table legend: (Time is in decaauts)
 A = Elapsed time spent in this place.
 B = Non-inter-level travel time spent in this place.
 C = Inter-level travel time spent in this place.
 D = Time resting spent in this place.
 E = Time spent auto-exploring this place.
 F = Levels seen in this place.
 G = Mean time per level.
                   A        B        C        D        E       F      G
               +--------+--------+--------+--------+--------+-----+--------+
         Total |   7082 |   6794 |    288 |    238 |   5467 |   8 |  885.2 |
       Dungeon |   6805 |   6531 |    274 |    238 |   5231 |   7 |  972.1 |
        Temple |    276 |    262 |     14 |      0 |    236 |   1 |  276.0 |
               +--------+--------+--------+--------+--------+-----+--------+

Top non-repeatable levels by time:
     D:6: 1311 daAuts
     D:4: 1276 daAuts
     D:5: 1219 daAuts
     D:3: 1113 daAuts
     D:2: 1000 daAuts
     D:1: 696 daAuts
  Temple: 276 daAuts
     D:7: 187 daAuts

Table legend:
 A = Non-vault XP
 B = Vault XP
 C = Vault XP percentage of total XP
 D = Non-vault monster count
 E = Vault monster count
 F = Vault count percentage of total count
                 A         B        C        D         E       F
            +---------+---------+-------+---------+---------+-------
      Total |    2089 |     670 |  24.3 |     108 |      20 |  15.6
            +---------+---------+-------+---------+---------+-------
        D:1 |      36 |       2 |   5.3 |      13 |       1 |   7.1
        D:2 |      81 |      38 |  31.9 |      26 |       2 |   7.1
        D:3 |      48 |     325 |  87.1 |      13 |      10 |  43.5
        D:4 |     634 |      52 |   7.6 |      25 |       5 |  16.7
        D:5 |     627 |       0 |   0.0 |      16 |       0 |   0.0
        D:6 |     494 |     169 |  25.5 |      13 |       1 |   7.1
        D:7 |     169 |      84 |  33.2 |       2 |       1 |  33.3
            +---------+---------+-------+---------+---------+-------
